 Dungeon Crawl Stone Soup version 0.29-a0-80-g3050e97935 (webtiles) character file.

Game seed: 14956578990195007520

518 Gargoyl the Chopper (level 7, -2/44 HPs)
             Began as a Gargoyle Abyssal Knight on Feb 4, 2022.
             Was a Believer of Lugonu.
             Slain by a gnoll sergeant (5 damage)
             ... on level 6 of the Dungeon.
             The game lasted 00:05:52 (3991 turns).

Gargoyl the Chopper (Gargoyle Abyssal Knight)       Turns: 3991, Time: 00:05:53

Health: -2/44      AC: 22    Str: 18    XL:     7   Next: 21%
Magic:  8/8        EV:  3    Int:  9    God:    Lugonu [**....]
Gold:   1476       SH:  6    Dex: 10    Spells: 6/6 levels left

rFire   . . .      SeeInvis +   i - +1 hand axe (flame)
rCold   . . .      Faith    .   s - +0 kite shield
rNeg    + . .      Spirit   .   l - +0 plate armour
rPois   ∞          Reflect  .   (no helmet)
rElec   +          Harm     .   h - +2 cloak
rCorr   .          Rampage  .   (no gloves)
Will    .....      Clarity  +   q - +1 pair of boots
Stlth   ..........              e - amulet of regeneration
HPRegen 0.94/turn               (no ring)
MPRegen 0.11/turn               (no ring)

@: no status effects
A: sickness immunity, AC +4, negative energy resistance 1, electricity
resistance, torment resistance 1, petrification resistance, see invisible,
clarity, dopey 1
a: Renounce Religion, Depart the Abyss, Bend Space


You were on level 6 of the Dungeon.
You worshipped Lugonu.
Lugonu was pleased with you.
You visited 1 branch of the dungeon, and saw 6 of its levels.
You visited the Abyss 1 time.

You collected 1476 gold pieces.

Inventory:

Hand Weapons
 a - a +1 hand axe
 i - a +1 hand axe of flaming (weapon)
Missiles
 g - a poisoned dart (quivered)
Armour
 h - a +2 cloak (worn)
 l - a +0 plate armour (worn)
 q - a +1 pair of boots (worn)
 s - a +0 kite shield (worn)
Jewellery
 e - an amulet of regeneration (around neck)
Wands
 d - a wand of digging (7)
 p - a wand of paralysis (7)
Potions
 f - a potion of cancellation
 j - a potion of brilliance
 k - a potion of magic
 m - a potion of lignification {unknown}
 n - 2 potions of berserk rage {unknown}
 o - 2 potions of might {unknown}
 r - a potion of curing


   Skills:
 + Level 4.8 Fighting
 + Level 5.1 Axes
 + Level 0.5 Throwing
 + Level 4.1 Armour
 + Level 1.1 Dodging
 + Level 1.4 Stealth
 + Level 2.0 Invocations


You had 6 spell levels left.
You didn't know any spells.
Your spell library contained the following spells:

 Spells                   Type           Power      Damage    Failure   Level
 Gell's Gravitas          Tloc           0%         N/A       100%        3
 Teleport Other           Tloc           0%         N/A       100%        3
 Dispersal                Tloc           0%         N/A       100%        6


Dungeon Overview and Level Annotations

Branches:
Dungeon (6/15)
 Temple: D:4-7

Altars:
Elyvilon
Fedhas
Hepliaklqana
Vehumet


Innate Abilities, Weirdness & Mutations

You are immune to sickness and miasma.
Your stone body is resilient. (AC +4)
You are immune to poison.
You resist negative energy. (rN+)
You are resistant to electric shocks. (rElec)
You are resistant to unholy torment.
You are immune to petrification.
You have supernaturally acute eyesight. (SInv)
You possess an exceptional clarity of mind.
You are dopey. (Int -2)


Message History

You hit the gnoll. You burn the gnoll.
The gnoll sergeant hits you but does no damage.
The gnoll hits you but does no damage.
You closely miss the gnoll sergeant.
The gnoll sergeant is severely wounded.
You completely miss the gnoll.
The gnoll sergeant hits you but does no damage.
The gnoll hits you with a +0 whip.
The gnoll sergeant hits you with a +0 trident!
* * * LOW HITPOINT WARNING * * *
You feel better. The gnoll completely misses you.
The gnoll sergeant hits you with a +0 trident!
* * * LOW HITPOINT WARNING * * *
You hit the gnoll sergeant but do no damage.
The gnoll sergeant is severely wounded.
You barely miss the gnoll. You block the gnoll's attack.
The gnoll sergeant hits you with a +0 trident.
* * * LOW HITPOINT WARNING * * *
Unknown command.
You hit the gnoll sergeant but do no damage.
The gnoll sergeant is severely wounded.
You barely miss the gnoll. The gnoll hits you but does no damage.
The gnoll sergeant hits you but does no damage.
You block the gnoll's attack.
Unknown command.
You barely miss the gnoll sergeant.
The gnoll sergeant is severely wounded.
You hit the gnoll. You burn the gnoll.
You kill the gnoll!
Lugonu accepts your kill.
The gnoll sergeant hits you but does no damage.
Unknown command.
You hit the gnoll sergeant but do no damage.
The gnoll sergeant is severely wounded.
The gnoll sergeant hits you with a +0 trident!
* * * LOW HITPOINT WARNING * * *
You hit the gnoll sergeant. You burn the gnoll sergeant.
The gnoll sergeant is severely wounded.
The gnoll sergeant hits you with a +0 trident.
You die...

#.............###
####'.......|....#
#...#............#
#.#)#............#
..
#)#............#
#..
#.#............#
#.
.(##############
.. ###g# # #.)@#
#._.# #...# #####


You could see a gnoll sergeant.

Vanquished Creatures
  An ogre (D:5)
  A phantom (D:4)
  Crazy Yiuf (D:2)
  A hound (D:5)
  An orc priest (D:4)
  Terence (D:3)
  2 iguanas
  4 adders
  7 gnolls
  3 ufetubi
  3 dart slugs
  4 orcs
  7 ball pythons
  5 bats
  3 endoplasms
  4 giant cockroaches
  4 hobgoblins
  10 jackals
  2 quokkas (D:2)
  A frilled lizard (D:2)
  6 goblins
  5 kobolds
  A rat (D:1)
77 creatures vanquished.

Notes
Turn   | Place    | Note
-------+----------+-------------------------------------------
     0 | Abyss:1  | Gargoyl the Gargoyle Abyssal Knight began the quest for the
                  | Orb.
     0 | Abyss:1  | Reached XP level 1. HP: 14/14 MP: 2/2
     0 | D:1      | Escaped the Abyss
    39 | D:1      | Reached skill level 2 in Axes
   132 | D:1      | Reached skill level 1 in Dodging
   132 | D:1      | Reached XP level 2. HP: 14/19 MP: 3/3
   781 | D:2      | Found a faded altar of an unknown god.
   808 | D:2      | Reached * piety under Lugonu
  1003 | D:2      | Reached XP level 3. HP: 23/24 MP: 4/4
  1215 | D:2      | Found a runed translucent door.
  1216 | D:2      | Noticed Crazy Yiuf
  1779 | D:2      | Killed Crazy Yiuf
  1780 | D:2      | Reached skill level 3 in Axes
  1780 | D:2      | Reached XP level 4. HP: 23/29 MP: 5/5
  1889 | D:3      | Noticed Terence
  1903 | D:3      | Killed Terence
  1952 | D:3      | Reached XP level 5. HP: 33/33 MP: 6/6
  2034 | D:3      | Reached ** piety under Lugonu
  2537 | D:4      | Gained mutation: You are dopey. (Int -2) [potion of
                  | mutation]
  2537 | D:4      | Gained mutation: You possess an exceptional clarity of
                  | mind. [potion of mutation]
  2537 | D:4      | Gained mutation: You have supernaturally acute eyesight.
                  | (SInv) [potion of mutation]
  2584 | D:4      | Reached skill level 4 in Axes
  2677 | D:4      | Found a white marble altar of Elyvilon.
  2804 | D:4      | Reached XP level 6. HP: 38/38 MP: 7/7
  3130 | D:5      | Entered Level 5 of the Dungeon
  3202 | D:5      | Found a hazy altar of Hepliaklqana.
  3260 | D:5      | Reached XP level 7. HP: 44/44 MP: 8/8
  3317 | D:5      | Reached skill level 5 in Axes
  3388 | D:5      | Identified a scroll of acquirement
  3388 | D:5      | Acquired 1197 gold pieces
  3673 | D:5      | Reached skill level 1 in Stealth
  3893 | D:6      | Found a blossoming altar of Fedhas.
  3977 | D:6      | Found a radiant altar of Vehumet.
  3990 | D:6      | HP: 2/44 [gnoll sergeant (8)]
  3991 | D:6      | Slain by a gnoll sergeant

Illustrated notes

Levels and vault maps discovered:
D:1:      dpeg_arrival_ternary, layout_rooms,
          nicolae_concentric_dashed_squares_wild, grunt_decor_fettered,
          minmay_liquid_box, kennysheep_decorative_pillar,
          chequers_serial_rivers_micro_e
D:2:      layout_loops_corners, hellmonk_ecumenical_altar_lost_god,
          uniq_crazy_yiuf_cottage
D:3:      layout_loops_ring, uniq_terence
D:4:      layout_basic, elyvilon_altar_3
D:5:      layout_basic, nicolae_hepliaklqana_hazy_memory
D:6:      layout_basic, mainiacjoe_overflow_24_doors, mainiacjoe_overflow_swirl,
          mainiacjoe_overflow_cross_hatched, minmay_temple_entry_grid,
          nrook_loot_triangle

Skill      XL: |  1  2  3  4  5  6  7 |
---------------+----------------------+-----
Axes           | 2 3 4 5 |  5.1
Dodging        | 1 |  1.1
Fighting       | 4 |  4.8
Armour         | 3 4 |  4.1
Stealth        | 1 |  1.4
Throwing       | |  0.5
Invocations    | |  2.0

Action                   |  1- 3 |  4- 6 |  7- 9 || total
-------------------------+-------+-------+-------++-------
Melee: Hand axe          |   101 |   150 |    41 ||   292
       Punch             |       |     2 |       ||     2
Throw: Dart              |     5 |     9 |     4 ||    18
Invok: Depart the Abyss  |     1 |       |       ||     1
       Bend Space        |       |       |     1 ||     1
  Use: Scroll            |     6 |     6 |     3 ||    15
       Potion            |     2 |     1 |     1 ||     4
Armor: Leather armour    |    12 |       |       ||    12
       Plate armour      |   119 |   126 |    52 ||   297
Dodge: Dodged            |    55 |    40 |     8 ||   103
Block: Kite shield       |       |       |    19 ||    19

Table legend: (Time is in decaauts)
 A = Elapsed time spent in this place.
 B = Non-inter-level travel time spent in this place.
 C = Inter-level travel time spent in this place.
 D = Time resting spent in this place.
 E = Time spent auto-exploring this place.
 F = Levels seen in this place.
 G = Mean time per level.
                   A        B        C        D        E       F      G
               +--------+--------+--------+--------+--------+-----+--------+
         Total |   4034 |   3915 |    119 |      3 |   3031 |   7 |  576.3 |
       Dungeon |   4034 |   3915 |    119 |      3 |   3031 |   6 |  672.3 |
         Abyss |      0 |      0 |      0 |      0 |      0 |   1 |    0.0 |
               +--------+--------+--------+--------+--------+-----+--------+

Top non-repeatable levels by time:
     D:2: 1052 daAuts
     D:1: 776 daAuts
     D:5: 739 daAuts
     D:3: 733 daAuts
     D:4: 601 daAuts
     D:6: 131 daAuts
